 Dungeon Crawl Stone Soup version 0.27-a0-1200-g94dc6ad4cf (webtiles) character file.

Game seed: 12321982420982386095

11 27snakeeyes612 the Slasher (level 2, 0/28 HPs)
             Began as a Naga Berserker on June 1, 2021.
             Was a Follower of Trog.
             Slain by a kobold
             ... wielding a +0 short sword
              (4 damage)
             ... on level 1 of the Dungeon.
             The game lasted 00:00:15 (334 turns).

27snakeeyes612 the Slasher (Naga Berserker)          Turns: 334, Time: 00:00:15

Health: 0/28       AC:  1    Str: 19    XL:     2   Next: 29%
Magic:  2/2        EV:  9    Int:  7    God:    Trog [*.....]
Gold:   11         SH:  0    Dex: 10    Spells: 1/1 levels left

rFire    . . .     SeeInvis +   a - +0 falchion
rCold    . . .     Faith    .   (no shield)
rNeg     . . .     Spirit   .   b - +0 animal skin
rPois    +         Reflect  .   (no helmet)
rElec    .         Harm     .   (no cloak)
rCorr    .         Rampage  .   (no gloves)
Will     .....                  (no barding)
Stlth    +.........             (no amulet)
HPRegen  0.09/turn              (no ring)
MPRegen  0.08/turn              (no ring)

@: very slow
A: AC +0, large, see invisible, deformed body, poison resistance, slowness 2,
spit poison 1, naga tail 1
a: Spit Poison, Renounce Religion, Berserk


You were on level 1 of the Dungeon.
You worshipped Trog.
Trog was aware of your devotion.
You visited 1 branch of the dungeon, and saw 1 of its levels.

You collected 11 gold pieces.

Inventory:

Hand Weapons
 a - a +0 falchion (weapon)
Armour
 b - a +0 animal skin (worn)


   Skills:
 + Level 3.2 Fighting
 + Level 3.3 Long Blades
 + Level 1.6 Armour
 + Level 1.6 Dodging


You had one spell level left.
You didn't know any spells.
Your spell library was empty.

Dungeon Overview and Level Annotations

Branches:
Dungeon (1/15)

Altars:


Innate Abilities, Weirdness & Mutations

Your serpentine skin is tough. (AC +0)
You have supernaturally acute eyesight. (SInv)
Armour fits poorly on your strangely shaped body.
Your system is resistant to poisons. (rPois)
You cover ground very slowly.
You can spit poison.
You have a snake-like lower body.


Message History

You can't do that yet.
You can't do that yet.
There are monsters nearby!
You barely miss the kobold.
You have got your breath back.
The kobold hits you but does no damage. The goblin closely misses you.
You riposte.
You barely miss the goblin. The frilled lizard barely misses you.
The splash of poison misses the kobold.
The kobold hits you with a +0 short sword.
The goblin hits you with a +0 club.
The frilled lizard unfolds its giant frill.
The frilled lizard barely misses you.
Unknown command.
There are monsters nearby!
You are too injured to fight recklessly!
You can't do that yet.
There are monsters nearby!
Unknown command.
You are too injured to fight recklessly!
Unknown command.
You are too injured to fight recklessly!
Unknown command.
You closely miss the kobold. The kobold hits you but does no damage.
The goblin barely misses you.
The frilled lizard completely misses you.
You closely miss the kobold.
The kobold hits you with a +0 short sword.
The goblin hits you but does no damage. The frilled lizard barely misses you.
You closely miss the kobold. The kobold barely misses you.
The goblin hits you but does no damage. The frilled lizard barely misses you.
You hit the kobold.
The kobold is severely wounded.
You have got your breath back.
The kobold hits you with a +0 short sword.
The goblin hits you with a +0 club.
* * * LOW HITPOINT WARNING * * *
The frilled lizard bites you.
* * * LOW HITPOINT WARNING * * *
The kobold hits you with a +0 short sword.
You die...

.<....######
#......# .....##
#......# ######
#......# ##
###).....## ...
#........... ....
#........... .....
#...........
......###.......)...
......K@............
......gl............
#..................
........[..........
............######
............#
............#
............#


You could see a goblin, a kobold and a frilled lizard.

Vanquished Creatures
  2 endoplasms (D:1)
  A quokka (D:1)
  4 ball pythons (D:1)
  2 bats (D:1)
  A goblin (D:1)
  A kobold (D:1)
  A rat (D:1)
12 creatures vanquished.

Notes
Turn   | Place    | Note
-------+----------+-------------------------------------------
     0 | D:1      | 27snakeeyes612 the Naga Berserker began the quest for the
                  | Orb.
     0 | D:1      | Reached XP level 1. HP: 21/21 MP: 1/1
   197 | D:1      | Reached XP level 2. HP: 22/28 MP: 2/2
   334 | D:1      | Slain by a kobold

Illustrated notes

Levels and vault maps discovered:
D:1:      giann_wishing_wells, layout_basic, serial_shops, shop_statue, shop

Action                   || total
-------------------------++-------
Melee: Falchion          ||    24
 Abil: Spit Poison       ||    11
Armor: Animal skin       ||    13
Dodge: Dodged            ||    19
       Rpst.: Falchion   ||     4

Table legend: (Time is in decaauts)
 A = Elapsed time spent in this place.
 B = Non-inter-level travel time spent in this place.
 C = Inter-level travel time spent in this place.
 D = Time resting spent in this place.
 E = Time spent auto-exploring this place.
 F = Levels seen in this place.
 G = Mean time per level.
                   A        B        C        D        E       F      G
               +--------+--------+--------+--------+--------+-----+--------+
         Total |    372 |    372 |      0 |      0 |    305 |   1 |  372.0 |
       Dungeon |    372 |    372 |      0 |      0 |    305 |   1 |  372.0 |
               +--------+--------+--------+--------+--------+-----+--------+

Top non-repeatable levels by time:
     D:1: 372 daAuts
